 Dungeon Crawl Stone Soup version 0.20.1-1-g8b1a95d (webtiles) character file.

275 mmigdal the Charlatan (level 6, -9/30 HPs)
             Began as a Spriggan Artificer on Nov 2, 2017.
             Killed themself with a badly aimed iceblast (21 damage)
             ... on level 3 of the Dungeon.
             The game lasted 00:29:50 (5001 turns).

mmigdal the Charlatan (Spriggan Artificer)          Turns: 5001, Time: 00:29:51

Health: -9/30      AC:  4    Str:  9    XL:     6   Next: 3%
Magic:  12/12      EV: 20    Int: 13    God:
Gold:   298        SH:  0    Dex: 17    Spells: 5/5 levels left

rFire    . . .     SeeInvis +   a - +0 short sword
rCold    . . .     Gourm    .   (shield restricted)
rNeg     . . .     Faith    .   n - -2 robe (curse)
rPois    .         Spirit   .   (helmet restricted)
rElec    .         Reflect  .   (no cloak)
rCorr    .         Harm     .   (gloves unavailable)
MR       +....                  (boots unavailable)
Stlth    +++.......             (no amulet)
Regen    0.1/turn               (no ring)
MPRegen  0.2/turn               (no ring)

@: very quick
A: unfitting armour, antennae 1, icy blue scales 1, slimy green scales 1, see
invisible, herbivore 3, speed 3, high mp 1, slow metabolism 2
a: no special abilities


You were on level 3 of the Dungeon.
You were not hungry.

You visited 1 branch of the dungeon, and saw 4 of its levels.

You collected 298 gold pieces.

Inventory:

Hand Weapons
 a - a +0 short sword (weapon)
Missiles
 k - 68 stones (quivered)
Armour
 b - a +1 robe
 n - a cursed -2 robe (worn)
Wands
 c - a wand of flame (0/48)
 d - a wand of enslavement (0/24)
 e - a wand of random effects (5/48)
Scrolls
 g - a scroll of teleportation
 p - a scroll of immolation {unknown}
 q - a scroll of magic mapping
Potions
 h - a potion of might
 i - a potion of heal wounds
 j - a potion of curing
 l - a potion of agility {unknown}
 o - a potion of flight {unknown}
Comestibles
 f - 3 bread rations


   Skills:
 + Level 1.4 Fighting
 + Level 3.6 Short Blades
 + Level 0.8 Throwing
 + Level 5.1 Dodging
 + Level 3.7 Stealth
 + Level 5.3 Evocations


You had 5 spell levels left.
You didn't know any spells.

Dungeon Overview and Level Annotations

Branches:
Dungeon (4/15)
 Temple: D:4-7

Altars:
Xom


Innate Abilities, Weirdness & Mutations

You are very small and have problems with some larger weapons.
You are too small for most types of armour.
You have supernaturally acute eyesight. (SInv)
You are a herbivore.
You cover ground extremely quickly.
You need consume almost no food.
You have a pair of small antennae on your head.
You are partially covered in icy blue scales. (AC +2)
You are partially covered in slimy green scales. (AC +2)
You have an increased reservoir of magic. (+10% MP)


Message History

You closely miss the orc wizard.
The orc wizard is heavily wounded.
The orc wizard misses you.
You hit the orc wizard but do no damage.
The orc wizard is heavily wounded.
The orc wizard gestures at you while chanting.
The puff of flame misses you.
Evoke which item? (* to show all) (? for menu, Esc to quit)
Aiming: Random Effects
Press: ? - help, Shift-Dir - straight line, f/p - orc wizard
Aim: an orc wizard, wielding a dagger and wearing a runed robe (heavily wounded, fast)
The mass of ice explodes!
The iceblast engulfs the orc wizard.
You kill the orc wizard!
You have reached level 6!
Your experience leads to an increase in your attributes!
Increase (S)trength, (I)ntelligence, or (D)exterity?
You feel stronger. The iceblast engulfs you!
Ouch! That really hurt!
You die...

..####..........#...........#####
### ##.....................## ##
##..........####.######.##
.###..........####..# ###..#####
.##......#.#..)....### #[......%.
.....###...#.##......###S##......
.##.###..###.#..).....##.########
..#)# #.####...........#.# #
#...###.#.......@).((..#.## #
#..###..#.###..........#..#### #
....#.....# #.........[##....# #
......>..####..........##....# #
##....................)[>....# #
##.#..#######..........####### #
...#.## #..........# ######
#.....)....# #..........#


There were no monsters in sight!

Vanquished Creatures
  Blork the orc (D:3)
  2 orc wizards (D:3)
  A worker ant (D:3)
  7 adders
  An ooze (D:2)
  A dart slug (D:1)
  A leopard gecko (D:1)
  3 orcs
  A ball python (D:1)
  4 giant cockroaches
  7 goblins
  5 hobgoblins
  8 bats
  4 frilled lizards
  6 kobolds
  5 rats
  A fungus (D:3)
58 creatures vanquished.

Vanquished Creatures (collateral kills)
  An adder (D:3)
  An orc (D:3)
  A hobgoblin (D:3)
  A frilled lizard (D:1)
  A rat (D:1)
5 creatures vanquished.

Vanquished Creatures (others)
  An orc (D:3)
  A goblin (D:1)
2 creatures vanquished.

Grand Total: 65 creatures vanquished

Notes
Turn   | Place    | Note
-------+----------+-------------------------------------------
     0 | D:1      | mmigdal the Spriggan Artificer began the quest for the Orb.
     0 | D:1      | Reached XP level 1. HP: 9/9 MP: 4/4
   335 | D:1      | Reached XP level 2. HP: 13/14 MP: 6/6
   992 | D:1      | Reached skill level 1 in Fighting
  1411 | D:2      | Reached XP level 3. HP: 17/18 MP: 7/7
  1558 | D:2      | Gained mutation: Your magical capacity is low. (-10% MP) [potion of mutation]
  1558 | D:2      | Gained mutation: You are partially covered in slimy green scales. (AC +2) [potion of mutation]
  1558 | D:2      | Gained mutation: You are partially covered in icy blue scales. (AC +2) [potion of mutation]
  1558 | D:2      | Gained mutation: Your flesh is cold resistant. (rC+) [potion of mutation]
  1559 | D:2      | Lost mutation: Your magical capacity is low. (-10% MP) [potion of mutation]
  1559 | D:2      | Lost mutation: Your flesh is cold resistant. (rC+) [potion of mutation]
  1559 | D:2      | Gained mutation: You have an increased reservoir of magic. (+10% MP) [potion of mutation]
  1559 | D:2      | Gained mutation: You have a pair of small antennae on your head. [potion of mutation]
  2606 | D:2      | Reached skill level 5 in Evocations
  2606 | D:2      | Reached XP level 4. HP: 22/22 MP: 9/9
  2938 | D:3      | Found a shattered altar of Ashenzari.
  2940 | D:3      | Found a burning altar of Makhleb.
  2940 | D:3      | Found an ancient bone altar of Kikubaaqudgha.
  2942 | D:3      | Found a shimmering altar of Xom.
  2942 | D:3      | Found a basalt altar of Yredelemnul.
  2942 | D:3      | Found a basalt altar of Yredelemnul.
  3768 | D:3      | Reached XP level 5. HP: 14/25 MP: 10/10
  4099 | D:4      | Noticed Blork the orc
  4524 | D:3      | Killed Blork the orc
  4524 | D:3      | Reached skill level 5 in Dodging
  5001 | D:3      | Reached XP level 6. HP: 12/30 MP: 12/12
  5001 | D:3      | Killed themself with a badly aimed iceblast

Skill      XL: |  1  2  3  4  5 |
---------------+----------------+-----
Fighting       | 1 |  1.4
Dodging        | 4 5 |  5.1
Evocations     | 5 |  5.3
Short Blades   | 2 3 |  3.6
Stealth        | 2 3 |  3.7
Throwing       | |  0.8

Action                   |  1- 3 |  4- 6 || total
-------------------------+-------+-------++-------
Melee: Short sword       |   142 |   168 ||   310
Throw: Stone             |    16 |    13 ||    29
Evoke: Wand              |    17 |    23 ||    40
  Use: Scroll            |     5 |     2 ||     7
       Potion            |     5 |       ||     5
 Stab: Sleeping          |     4 |     3 ||     7
  Eat: Royal jelly       |       |     1 ||     1
Armor: Robe              |    22 |    18 ||    40
Dodge: Dodged            |   114 |   126 ||   240
